 Dungeon Crawl Stone Soup version 0.31-a0-833-gc15d34cb79 (webtiles) character file.

Game seed: 14821044508294250529

15573 Dirtsage the Cleaver (level 12, 36/97 HPs)
             Began as a Demonspawn Berserker on Sept 25, 2023.
             Was a High Priest of Trog.
             Quit the game on level 2 of the Lair of Beasts.
             The game lasted 00:23:51 (11526 turns).

Dirtsage the Cleaver (Demonspawn Berserker)        Turns: 11526, Time: 00:23:51

Health: 36/97      AC: 21    Str: 23    XL:     12   Next: 2%
Magic:  12/12      EV:  8    Int:  8    God:    Trog [*****.]
Gold:   748        SH: 14    Dex: 13    Spells: 11/11 levels left

rFire   + . .        S - +2 broad axe (flame)
rCold   + . .        B - +0 kite shield
rNeg    . . .        i - +0 chain mail
rPois   .            j - +2 helmet
rElec   .            Q - scarf {repulsion}
rCorr   .            R - +0 pair of gloves
SInv    .            O - +0 pair of boots
Will    .....        e - amulet of faith Stlth
                     F - ring of protection from fire
HPRegen 0.36/turn    (no ring)
MPRegen 0.13/turn

%: repel missiles, faith
@: seriously poisoned (36 -> 11)
A: icy blue scales 3, icemail 1, spiny 1, condensation shield, demonic touch 2
a: Renounce Religion, Berserk, Trog's Hand, Brothers in Arms


You were on level 2 of the Lair of Beasts.
You worshipped Trog.
Trog was extremely pleased with you.
You visited 3 branches of the dungeon, and saw 13 of its levels.
You also visited: Ossuary.

You collected 856 gold pieces.
You spent 108 gold pieces at shops.

Inventory:

Hand Weapons
 b - a +0 war axe
 l - a +0 broad axe
 I - a +0 executioner's axe of flaming
 S - a +2 broad axe of flaming (weapon)
Missiles
 h - a throwing net
Armour
 i - a +0 chain mail (worn)
 j - a +2 helmet (worn)
 m - a +0 cloak
 B - a +0 kite shield (worn)
 O - a +0 pair of boots (worn)
 Q - a scarf of repulsion (worn)
 R - a +0 pair of gloves (worn)
Jewellery
 e - an amulet of faith (around neck)
 F - a ring of protection from fire (left hand)
 G - an amulet of magic regeneration
 L - an amulet of regeneration
Wands
 E - a wand of flame (33)
 J - a wand of paralysis (24)
 K - a wand of light (7)
Scrolls
 c - 2 scrolls of butterflies {unknown}
 d - 10 scrolls of identify {unknown}
 f - 10 scrolls of teleportation {unknown}
 g - 2 scrolls of enchant weapon {unknown}
 k - a scroll of vulnerability {unknown}
 p - 2 scrolls of noise {unknown}
 r - a scroll of poison {unknown}
 u - a scroll of silence {unknown}
 v - a scroll of fear {unknown}
 w - 2 scrolls of brand weapon {unknown}
 y - 3 scrolls of immolation {unknown}
 N - 2 scrolls of enchant armour {unknown}
 P - a scroll of blinking {unknown}
Potions
 a - 5 potions of enlightenment {unknown}
 n - 2 potions of invisibility {unknown}
 o - 2 potions of lignification {unknown}
 q - 5 potions of curing
 s - 8 potions of heal wounds {unknown}
 t - 3 potions of brilliance {unknown}
 x - 2 potions of haste {unknown}
 z - 3 potions of magic {unknown}
 A - a potion of cancellation {unknown}
 C - a potion of mutation {unknown}
 D - a potion of resistance {unknown}
 H - a potion of degeneration {unknown}
 M - a potion of attraction {unknown}


   Skills:
 + Level 9.8 Fighting
 * Level 14.4 Axes
 - Level 1.7 Armour
 - Level 1.7 Dodging
 + Level 7.2 Shields


You had 11 spell levels left.
You didn't know any spells.
Your spell library contained the following spells:

 Spells                   Type           Power      Damage    Failure   Level
 Apportation              Tloc           0%         N/A       99%         1
 Magic Dart               Conj           0%         1d3       99%         1
 Blink                    Tloc           0%         N/A       100%        2
 Jinxbite                 Hex            0%         N/A       100%        2
 Lesser Beckoning         Tloc           0%         N/A       100%        2
 Momentum Strike          Conj/Tloc      0%         3d8       100%        2
 Searing Ray              Conj           0%         2d4       100%        2
 Call Canine Familiar     Summ           0%         N/A       100%        3
 Ozocubu's Armour         Ice            0%         N/A       100%        3
 Sigil of Binding         Hex            0%         N/A       100%        3
 Summon Guardian Golem    Hex/Summ       0%         N/A       100%        3
 Dimensional Bullseye     Hex/Tloc       0%         N/A       100%        4
 Fulminant Prism          Conj/Hex       0%         3d5       100%        4
 Leda's Liquefaction      Hex/Erth       0%         N/A       100%        4
 Alistair's Intoxication  Tmut/Pois      0%         N/A       100%        5
 Metabolic Englaciation   Hex/Ice        0%         N/A       100%        5
 Simulacrum               Ice/Necr       0%         N/A       100%        6
 Orb of Destruction       Conj           0%         9d5       100%        7
 Spellforged Servitor     Conj/Summ      0%         N/A       100%        7


Dungeon Overview and Level Annotations

Branches:
Dungeon (10/15)            Temple (1/1) D:5            Lair (2/5) D:10
Ossuary (visited)
  Swamp: Lair:2-3    Shoals: Lair:2-3     Snake: Lair:2-3    Spider: Lair:2-3
    Orc: D:9-12

Altars:
Cheibriados
Dithmenos
Fedhas
Gozag
Hepliaklqana
Kikubaaqudgha
Makhleb
Nemelex Xobeh
Okawaru
Qazlal
Ru
Sif Muna
Trog
Uskayaw
Vehumet
Wu Jian
Yredelemnul

Shops:
D:5 !

Annotations:
D:6 exclusion: door
D:10 4 transporters
Lair:2 exclusion: oklob plant


Innate Abilities, Weirdness & Mutations

You are completely covered in icy blue scales. (AC +4, rC+)
A meltable icy envelope protects you from harm. (AC +4)
You are partially covered in sharp spines.
A meltable shield of frost defends you. (SH +4)
Your touch may inflict irresistible damage on your foes.


Message History

Health restored: 90 A cane toad comes into view.
The cane toad croaks.
A cane toad is nearby!
You hit the cane toad but do no damage. The cane toad stings you!
You take 11 damage, and have 79/90 hp.
You completely miss the cane toad. You block the cane toad's attack.
You slash the cane toad! You burn the cane toad.
The cane toad is moderately wounded.
You block the cane toad's attack.
You hit the cane toad. You burn the cane toad.
The cane toad is heavily wounded.
The cane toad stings you!
You are poisoned.
The cane toad poisons you!
You take 12 damage, and have 68/90 hp.
You slash the cane toad! You burn the cane toad.
The cane toad is almost dead.
You feel very sick. The cane toad stings you!
You are more poisoned.
The cane toad poisons you!
The cane toad stings you but does no damage.
You take 19 damage, and have 49/90 hp.
MASSIVE DAMAGE!!
You are too injured to fight recklessly!
You are too injured to fight recklessly!
You are too injured to fight recklessly!
You slice the cane toad!! You burn the cane toad.
You kill the cane toad!
Trog accepts your kill.
You feel extremely sick.
You have reached level 12!
You feel stronger.
Your demonic ancestry asserts itself...
Sharp spines emerge from parts of your body.
You take 6 damage, and have 43/97 hp.
MP restored: 12 You start resting.
You feel extremely sick.
You take 7 damage, and have 36/97 hp.
Are you sure you want to abandon this character and quit the game? (Confirm with "yes".)

....... ..
.................
...#..#...........#.
....#.....>.........#
#......#.....#....P..
###...+..#.....#....##
#.#...##.#.#..##.....#
#....##.......@.....#
#....##............##
##...##.######........
###.....÷##.#P#.P.......
........................
........................
......).................
...÷....................
........##..###........


There were no monsters in sight!

Vanquished Creatures
  Fannar (D:10)
  A hydra (Lair:2)
  A catoblepas (Lair:1)
  A two-headed ogre (D:8)
  Nergalle (Lair:1)
  A lindwurm (Lair:2)
  Pikel (D:8)
  A cyclops (D:10)
  A black mamba (Lair:2)
  A gargoyle (D:10)
  2 cane toads (Lair:2)
  A rime drake (Lair:2)
  4 komodo dragons
  8 blink frogs
  Sigmund (D:2)
  9 yaks
  2 wraiths
  A basilisk (Lair:2)
  3 steam dragons
  Edmund (D:4)
  5 water moccasins
  5 orc warriors
  2 ice beasts (D:7)
  An ogre (D:5)
  3 black bears
  3 sky beasts
  3 centaurs
  5 wolves (Lair:1)
  3 lemures (D:8)
  A phantom (D:6)
  3 bullfrogs
  4 scorpions
  5 wights (D:7)
  5 killer bees (D:8)
  A howler monkey (D:6)
  A quasit (D:5)
  2 jellies
  3 hounds
  6 orc priests
  A gnoll bouda (D:7)
  2 sleepcaps
  6 iguanas
  Terence (D:2)
  13 orc wizards
  A mummy (Ossuary)
  Robin (D:3)
  8 gnolls
  11 adders
  3 shadow imps
  2 white imps
  4 ufetubi
  2 worms
  2 dart slugs
  29 orcs
  3 bats
  10 endoplasms
  2 giant cockroaches
  10 goblins
  14 hobgoblins
  3 jackals (D:3)
  8 quokkas
  4 ball pythons
  7 frilled lizards
  5 gnoll skeletons (Ossuary)
  8 kobolds
  9 kobold skeletons (Ossuary)
  11 orc skeletons (Ossuary)
  11 rats
294 creatures vanquished.

Vanquished Creatures (collateral kills)
  3 electric eels (D:6)
3 creatures vanquished.

Grand Total: 297 creatures vanquished

Notes
Turn   | Place    | Note
-------+----------+-------------------------------------------
     0 | D:1      | Dirtsage the Demonspawn Berserker began the quest for the
                  | Orb.
     0 | D:1      | Reached XP level 1. HP: 18/18 MP: 1/1
   100 | D:1      | You fall into a shaft and drop 1 floor!
   115 | D:1      | Reached skill level 3 in Axes
   159 | D:1      | Gained mutation: Your touch may inflict minor irresistible
                  | damage on your foes. [demonic ancestry]
   159 | D:1      | Reached XP level 2. HP: 24/24 MP: 2/2
   224 | D:1      | Found a faded altar of an unknown god.
   576 | D:1      | Gained mutation: You are partially covered in icy blue
                  | scales. (AC +2) [demonic ancestry]
   576 | D:1      | Reached XP level 3. HP: 24/29 MP: 3/3
   751 | D:2      | Noticed Sigmund
   763 | D:2      | Killed Sigmund
   764 | D:2      | Reached skill level 5 in Axes
   764 | D:2      | Gained mutation: Your touch may inflict irresistible damage
                  | on your foes. [demonic ancestry]
   764 | D:2      | Reached XP level 4. HP: 35/35 MP: 4/4
   764 | D:2      | Reached XP level 5. HP: 41/41 MP: 5/5
   812 | D:2      | Reached ** piety under Trog
   836 | D:2      | Noticed Terence
   845 | D:2      | Killed Terence
   849 | D:2      | Reached skill level 6 in Axes
  1259 | D:2      | Gained mutation: You are mostly covered in icy blue scales.
                  | (AC +3) [demonic ancestry]
  1259 | D:2      | Reached XP level 6. HP: 47/47 MP: 6/6
  1581 | D:3      | Noticed Robin
  1639 | D:3      | Killed Robin
  1824 | D:3      | Reached *** piety under Trog
  2388 | D:4      | Reached skill level 7 in Axes
  2931 | D:4      | Noticed Edmund
  2943 | D:4      | Killed Edmund
  2944 | D:4      | Gained mutation: A meltable shield of frost defends you.
                  | (SH +4) [demonic ancestry]
  2944 | D:4      | Reached XP level 7. HP: 52/52 MP: 7/7
  3246 | D:5      | Entered Level 5 of the Dungeon
  3330 | D:5      | Found Varghare's Distillery.
  3352 | D:5      | Found a sand-covered staircase.
  3375 | D:5      | Bought a potion of curing for 36 gold pieces
  3375 | D:5      | Bought a potion of curing for 36 gold pieces
  3375 | D:5      | Bought a potion of curing for 36 gold pieces
  3390 | Ossuary  | Entered an ossuary
  3390 | Ossuary  | Noticed a wraith
  3390 | Ossuary  | Noticed a wraith
  3390 | Ossuary  | Noticed a wraith
  3400 | Ossuary  | Reached **** piety under Trog
  3433 | Ossuary  | Noticed a wraith
  3444 | Ossuary  | Killed a wraith
  3445 | Ossuary  | Reached skill level 8 in Axes
  3747 | D:5      | Reached skill level 1 in Shields
  3827 | D:5      | Reached XP level 8. HP: 49/58 MP: 8/8
  3884 | D:5      | Found a burning altar of Makhleb.
  4016 | D:5      | Found a staircase to the Ecumenical Temple.
  4115 | Temple   | Entered the Ecumenical Temple
  4238 | D:6      | Reached skill level 9 in Axes
  4325 | D:6      | Reached ***** piety under Trog
  4955 | D:6      | Identified the +8 trident of Parsimonious Tenacity {drain,
                  | Dex+2}
  5217 | D:6      | Gained mutation: A meltable icy envelope protects you from
                  | harm. (AC +4) [demonic ancestry]
  5217 | D:6      | Reached XP level 9. HP: 24/67 MP: 9/9
  5220 | D:6      | Reached skill level 5 in Fighting
  5220 | D:6      | Reached skill level 10 in Axes
  5669 | D:7      | Found a radiant altar of Vehumet.
  5822 | D:7      | Found a blossoming altar of Fedhas.
  5830 | D:7      | Received a gift from Trog
  5990 | D:7      | Identified the +1 leather armour "Cuth" {Drain rElec Int+3
                  | Dex+2}
  6375 | D:7      | Reached skill level 11 in Axes
  6713 | D:8      | Reached skill level 5 in Shields
  6725 | D:7      | Reached XP level 10. HP: 25/77 MP: 10/10
  7024 | D:8      | Paralysed by a gnoll for 4 turns
  7056 | D:8      | Noticed a +0 spear
  7056 | D:8      | Noticed a +0 dagger
  7057 | D:8      | Noticed a +0 short sword
  7057 | D:8      | Noticed a +0 spear
  7059 | D:8      | Noticed a +0 falchion
  7059 | D:8      | Noticed a +0 dagger
  7059 | D:8      | Noticed a +0 short sword
  7059 | D:8      | Noticed a +0 falchion
  7061 | D:8      | Noticed a two-headed ogre
  7063 | D:8      | Found a hide-covered altar of Uskayaw.
  7102 | D:8      | Noticed Pikel
  7114 | D:8      | Killed Pikel
  7162 | D:8      | Found a sacrificial altar of Ru.
  7249 | D:8      | Killed a two-headed ogre
  7970 | D:9      | Found an ornate altar of the Wu Jian Council.
  7977 | D:9      | Found an iron altar of Okawaru.
  7982 | D:9      | Found a hazy altar of Hepliaklqana.
  8149 | D:10     | Entered Level 10 of the Dungeon
  8231 | D:10     | Found a transporter.
  8232 | D:10     | Found a transporter.
  8234 | D:10     | Found a transporter.
  8234 | D:10     | Found a transporter.
  8261 | D:10     | Noticed a cyclops
  8271 | D:10     | Killed a cyclops
  8272 | D:10     | Reached skill level 12 in Axes
  8542 | D:10     | Saving game... please wait.
  8586 | D:10     | Noticed Fannar
  8613 | D:10     | Killed Fannar
  8882 | D:10     | Found a staircase to the Lair.
  9061 | D:10     | Found a shimmering blue altar of Sif Muna.
  9409 | D:10     | Noticed a gargoyle
  9417 | D:10     | Killed a gargoyle
  9418 | D:10     | Gained mutation: You are completely covered in icy blue
                  | scales. (AC +4, rC+) [demonic ancestry]
  9418 | D:10     | Reached XP level 11. HP: 86/86 MP: 11/11
  9560 | Lair:1   | Entered Level 1 of the Lair of Beasts
  9574 | Lair:1   | Noticed a catoblepas
  9586 | Lair:1   | Killed a catoblepas
  9711 | Lair:1   | Noticed Nergalle
  9719 | Lair:1   | Reached skill level 13 in Axes
  9728 | Lair:1   | Killed Nergalle
 10310 | Lair:1   | Received a gift from Trog
 10842 | Lair:2   | Noticed an oklob plant
 10856 | Lair:2   | Reached skill level 14 in Axes
 10896 | Lair:2   | Noticed a lindwurm
 10910 | Lair:2   | Killed a lindwurm
 11139 | Lair:2   | Noticed a six-headed hydra
 11148 | Lair:2   | Killed a one-headed hydra
 11525 | Lair:2   | Gained mutation: You are partially covered in sharp spines.
                  | [demonic ancestry]
 11525 | Lair:2   | Reached XP level 12. HP: 43/97 MP: 12/12
 11526 | Lair:2   | Quit the game

Illustrated notes

Levels and vault maps discovered:
D:1:      orjb1_lava_funnel, layout_loops_cross,
          hellmonk_ecumenical_altar_crossroads
D:2:      layout_loops_ring, uniq_sigmund, uniq_terence
D:3:      layout_loops_ring, uniq_robin
D:4:      layout_loops_corners, nicolae_overflow_hidden_temple,
          solitary_fountain, kennysheep_generic_room_4, uniq_edmund
D:5:      layout_rooms, mainiacjoe_overflow_tiny_flanked,
          lemuel_temple_firewalk_b, serial_demonic, serial_demonic_a,
          serial_demonic_a, serial_demonic_a, serial_demonic_g,
          serial_demonic_g, serial_demonic_b, serial_shops, shop,
          nicolae_ossuary_entry_false_entrances
D:6:      cheibrodos_two_vegetables, layout_basic
D:7:      minmay_bubble_buster, layout_basic,
          mainiacjoe_overflow_large_starburst, hangedman_decor_riveting
D:8:      layout_basic, mainiacjoe_overflow_boulevard,
          nicolae_uskayaw_en_pointe, uniq_pikel
D:9:      layout_irregular_city, minitemple
D:10:     layout_irregular_city, mainiacjoe_overflow_alcove_1,
          mainiacjoe_overflow_cross_hatched, david_lair_shrubbed,
          chequers_jeans, nicolae_diode_quadrants, uniq_fannar
Temple:   nicolae_temple_cloud_nine
Lair:1:   layout_long_grid, infiniplex_staircase_pool, uniq_nergalle
Lair:2:   layout_regular_city, minmay_shoals_entry_hut,
          alex1729_snake_entry_snake, st_stairs_3, minmay_lair_oklob_bushes,
          beast_lair_carwin_2, uniq_maggie

Skill      XL: |  1  2  3  4  5  6  7  8  9 10 11 |
---------------+----------------------------------+-----
Axes           | 3 5 6 7 8 9 11 12 14 | 14.4
Shields        | 1 3 5 6 7 |  7.2
Fighting       | 4 6 8 9 |  9.8
Armour         | |  1.7
Dodging        | |  1.7

Action                     |  1- 3 |  4- 6 |  7- 9 | 10-12 || total
---------------------------+-------+-------+-------+-------++-------
  Melee: Hand axe          |    61 |    86 |       |       ||   147
         Touch             |     8 |    23 |    39 |    22 ||    92
         Broad axe         |       |    47 |   304 |   207 ||   558
         War axe           |       |    22 |       |       ||    22
         Punch             |       |     3 |     4 |     1 ||     8
         Executioner's axe |       |       |       |   124 ||   124
 Invoke: Berserk           |     2 |     4 |     5 |     7 ||    18
         Trog's Hand       |       |     1 |     2 |     1 ||     4
         Brothers in Arms  |       |       |     1 |       ||     1
    Use: Potion            |       |       |     1 |       ||     1
 Armour: Animal skin       |    22 |     7 |       |       ||    29
         Chain mail        |       |    99 |   277 |   328 ||   704
  Dodge: Dodged            |    42 |    64 |   151 |   140 ||   397
         Repelled          |       |       |       |     4 ||     4
  Block: Other             |       |       |    59 |    38 ||    97
         Kite shield       |       |       |       |    51 ||    51

Table legend: (Time is in decaauts)
 A = Elapsed time spent in this place.
 B = Non-inter-level travel time spent in this place.
 C = Inter-level travel time spent in this place.
 D = Time resting spent in this place.
 E = Time spent auto-exploring this place.
 F = Levels seen in this place.
 G = Mean time per level.
                   A        B        C        D        E       F      G
               +--------+--------+--------+--------+--------+-----+--------+
         Total |  11784 |  11384 |    400 |   1311 |   8229 |  14 |  841.7 |
       Dungeon |   9551 |   9188 |    363 |    995 |   6766 |  10 |  955.1 |
        Temple |      1 |      1 |      0 |      0 |      0 |   1 |    1.0 |
          Lair |   2020 |   1983 |     37 |    277 |   1367 |   2 | 1010.0 |
       Ossuary |    210 |    210 |      0 |     38 |     95 |   1 |  210.0 |
               +--------+--------+--------+--------+--------+-----+--------+

Top non-repeatable levels by time:
     D:6: 1449 daAuts
    D:10: 1444 daAuts
  Lair:1: 1334 daAuts
     D:7: 1319 daAuts
     D:4: 964 daAuts
     D:2: 913 daAuts
     D:1: 751 daAuts
     D:5: 717 daAuts
     D:3: 690 daAuts
  Lair:2: 685 daAuts
     D:9: 679 daAuts
     D:8: 622 daAuts
 Ossuary: 210 daAuts
  Temple: 1 daAuts
